 Seeded DCSS version 0.29.1-12-g30fa7ad0bf (webtiles) character file.

Game seed: 9845822215292249863 (custom seed)

90 hikkokomori the Conjurer (level 4, -12/27 HPs)
             Began as an Octopode Conjurer on Jan 7, 2023.
             Mangled by an iguana (15 damage)
             ... on level 3 of the Dungeon.
             The game lasted 00:02:12 (2246 turns).

hikkokomori the Conjurer (Octopode Conjurer)        Turns: 2246, Time: 00:02:12

Health: -12/27     AC:  1    Str:  9    XL:     4   Next: 56%
Magic:  1/8        EV: 28    Int: 22    God:
Gold:   116        SH:  0    Dex: 16    Spells: 8/9 levels left

rFire   . . .      SeeInvis .   (no weapon)
rCold   . . .      Faith    .   (no shield)
rNeg    . . .      Spirit   .   (helmet restricted)
rPois   .          Reflect  .   h - amulet of the acrobat
rElec   .          Harm     .   i - ring of willpower
rCorr   .          Rampage  .   f - ring "Uwooder" {Str+3 Dex+6 Stlth+}
Will    +....                   (no ring)
Stlth   ++++......              (no ring)
HPRegen 0.09/turn               (no ring)
MPRegen 0.11/turn               (no ring)
                                (no ring)
                                (no ring)

@: acrobatic
A: almost no armour, amphibious, 8 rings, camouflage 1, gelatinous body 1,
(nimble swimmer 1), tentacles
a: no special abilities


You were on level 3 of the Dungeon.
You visited 1 branch of the dungeon, and saw 3 of its levels.

You collected 116 gold pieces.

Inventory:

Armour
 n - a +0 buckler of fire resistance
Jewellery
 f - the ring "Uwooder" (right tentacle) {Str+3 Dex+6 Stlth+}
   (You acquired it on level 2 of the Dungeon)

   [ring of dexterity]

   Str:       It affects your strength (+3).
   Dex:       It affects your dexterity (+6).
   Stlth:     It makes you more stealthy.
 h - an amulet of the acrobat (around mantle)
 i - a ring of willpower (left tentacle)
Scrolls
 b - 2 scrolls of teleportation {unknown}
 c - 2 scrolls of identify {unknown}
 g - a scroll of amnesia {unknown}
 j - a scroll of blinking {unknown}
 m - a scroll of poison {unknown}
Potions
 a - 2 potions of magic
 d - 2 potions of heal wounds {unknown}
 e - a potion of curing {unknown}
 k - 2 potions of brilliance {unknown}
 l - a potion of ambrosia {unknown}
 o - a potion of might {unknown}


   Skills:
 - Level 2.4 Dodging
 - Level 3.4 Stealth
 + Level 3.0 Spellcasting
 + Level 4.7 Conjurations


You had 8 spell levels left.
You knew the following spells:

 Your Spells              Type           Power      Damage    Failure   Level
a - Magic Dart            Conj           96%        1d7       1%          1

Your spell library contained the following spells:

 Spells                   Type           Power      Damage    Failure   Level
 Searing Ray              Conj           48%        2d6       2%          2
 Static Discharge         Conj/Air       13%        3-5/arc   7%          2
 Dazzling Flash           Conj/Hex       26%        N/A       14%         3
 Gell's Gravitas          Tloc           3%         N/A       36%         3
 Lesser Beckoning         Tloc           3%         N/A       36%         3
 Teleport Other           Tloc           3%         N/A       36%         3
 Fulminant Prism          Conj/Hex       6%         3d7       43%         4
 Iskenderun's Mystic Bla  Conj/Tloc      13%        2d5       43%         4
 Lightning Bolt           Conj/Air       6%         1d18      78%         5
 Maxwell's Capacitive Co  Air            1%         ∞         100%        8


Dungeon Overview and Level Annotations

Branches:
Dungeon (3/15)

Altars:


Innate Abilities, Weirdness & Mutations

You cannot wear most types of armour.
You are amphibious.
You can wear up to eight rings at the same time.
Your skin changes colour to match your surroundings (Stealth+).
Your rubbery body absorbs attacks. (AC +1, EV +1)
((You are camouflaged when in or above water. (Stealth+)))
You have tentacles for arms and can constrict up to eight enemies at once.


Message History

You now have 116 gold pieces (gained 13).
An iguana comes into view.
The magic dart hits the iguana.
The iguana is moderately wounded.
The iguana hisses angrily.
An iguana is nearby!
The magic dart hits the iguana but does no damage.
The iguana is moderately wounded.
An iguana is nearby!
The magic dart hits the iguana but does no damage.
The iguana is moderately wounded.
An iguana is nearby!
The magic dart hits the iguana but does no damage.
The iguana is moderately wounded.
The iguana closely misses you.
An iguana is nearby!
An iguana is nearby!
An iguana is nearby!
The magic dart hits the iguana but does no damage.
The iguana is moderately wounded.
The iguana bites you!
An iguana is nearby!
The magic dart hits the iguana but does no damage.
The iguana is moderately wounded.
The iguana barely misses you.
An iguana is nearby!
The magic dart hits the iguana.
The iguana is heavily wounded.
The iguana closely misses you.
The magic dart hits the iguana but does no damage.
The iguana is heavily wounded.
The iguana bites you!
* * * LOW HITPOINT WARNING * * *
You are too injured to fight recklessly!
The iguana attacks as you move away! The iguana misses you.
Okay, then.
The iguana attacks as you move away! The iguana barely misses you.
The iguana attacks as you move away! The iguana bites you!
Ouch! That really hurt!
You die...

####### ....... ..... #
..... #. #.#.# #..
##########.#.#
.#..##.......##.#.######
........................
#..........@l#.#.......
#......#####.#.#.......
#......# #.#.#.......
... #......#
#.#.#.###### ...
#......# #.#.#.#
.....#......#####.#.#.#
...#.#............#.#.#
..†.............#.#
##†###......###(...


You could see an iguana.

Vanquished Creatures
  A gnoll (D:1)
  4 adders
  A worm (D:2)
  2 dart slugs (D:1)
  3 endoplasms
  A giant cockroach (D:1)
  2 goblins (D:1)
  3 hobgoblins (D:2)
  2 quokkas
  5 ball pythons
  6 bats
  2 frilled lizards
  3 kobolds
  4 rats
39 creatures vanquished.

Notes
Turn   | Place    | Note
-------+----------+-------------------------------------------
     0 | D:1      | hikkokomori the Octopode Conjurer began the quest for the
                  | Orb.
     0 | D:1      | Reached XP level 1. HP: 11/11 MP: 3/3
    89 | D:1      | Reached XP level 2. HP: 14/17 MP: 0/5
   631 | D:1      | Reached XP level 3. HP: 21/21 MP: 4/6
  1124 | D:2      | Identified 3 scrolls of acquirement
  1124 | D:2      | Acquired the +0 hat of the Blizzard {Will++ Stlth-}
  1125 | D:2      | Acquired the ring "Uwooder" {Str+3 Dex+6 Stlth+}
  1126 | D:2      | Acquired a book of Lightning
  1190 | D:2      | Found a faded altar of an unknown god.
  1511 | D:2      | Reached XP level 4. HP: 27/27 MP: 0/8
  2246 | D:3      | Mangled by an iguana

Illustrated notes

Levels and vault maps discovered:
D:1:      giann_bridges, layout_basic
D:2:      layout_loops_cross, ebering_ecumenical_altar_hall
D:3:      layout_basic, uniq_natasha

Skill      XL: |  1  2  3  4 |
---------------+-------------+-----
Stealth        | 3 |  3.4
Spellcasting   | 3 |  3.0
Dodging        | |  2.4
Conjurations   | |  4.7

Action                   |  1- 3 |  4- 6 || total
-------------------------+-------+-------++-------
Melee: Unarmed           |       |     1 ||     1
       Constrict         |       |     1 ||     1
       Tentacles         |       |     1 ||     1
 Cast: Magic Dart        |    58 |    34 ||    92
  Use: Scroll            |     3 |       ||     3
Armor: Skin              |     2 |       ||     2
Dodge: Dodged            |     5 |     7 ||    12
